 Dungeon Crawl Stone Soup version 0.30-a0-476-g330ca2eb8e (webtiles) character file.

Game seed: 7710629091073627786

12 NinjaNoafa the Shield-Bearer (level 2, -1/29 HPs)
             Began as a Gnoll Fighter on Dec 22, 2022.
             Succumbed to a kobold's poison
             ... on level 1 of the Dungeon.
             The game lasted 00:01:28 (148 turns).

NinjaNoafa the Shield-Bearer (Gnoll Fighter)         Turns: 148, Time: 00:01:29

Health: -1/29      AC:  7    Str: 15    XL:     2   Next: 33%
Magic:  2/2        EV:  9    Int:  7    God:
Gold:   16         SH:  5    Dex: 11    Spells: 1/1 levels left

rFire   . . .      SeeInvis .    a - +0 flail
rCold   . . .      Faith    .    c - +0 buckler
rNeg    . . .      Spirit   .    b - +0 scale mail
rPois   .          Reflect  .    (no helmet)
rElec   .          Harm     .    (no cloak)
rCorr   .          Rampage  .    (no gloves)
Will    .....                    (no boots)
Stlth   ..........               (no amulet)
HPRegen 0.24/turn                (no ring)
MPRegen 0.08/turn                (no ring)

@: lethally poisoned (-1 -> -15)
A: fangs 1, strong nose, distributed training
a: no special abilities


You were on level 1 of the Dungeon.
You visited 1 branch of the dungeon, and saw 1 of its levels.

You collected 16 gold pieces.

Inventory:

Hand Weapons
 a - a +0 flail (weapon)
Missiles
 e - a throwing net (quivered)
 f - 10 stones
Armour
 b - a +0 scale mail (worn)
 c - a +0 buckler (worn)
Potions
 d - a potion of might


   Skills:
 + Level 6.5 Fighting
 + Level 0.4 Short Blades
 + Level 0.4 Long Blades
 + Level 0.4 Axes
 + Level 4.5 Maces & Flails
 + Level 0.4 Polearms
 + Level 0.4 Staves
 + Level 0.4 Ranged Weapons
 + Level 0.4 Throwing
 + Level 6.5 Armour
 + Level 0.4 Dodging
 + Level 0.4 Stealth
 + Level 6.5 Shields
 + Level 0.4 Unarmed Combat
 + Level 0.4 Spellcasting
 + Level 0.2 Conjurations
 + Level 0.2 Hexes
 + Level 0.2 Summonings
 + Level 0.2 Necromancy
 + Level 0.2 Translocations
 + Level 0.2 Transmutations
 + Level 0.2 Fire Magic
 + Level 0.2 Ice Magic
 + Level 0.2 Air Magic
 + Level 0.2 Earth Magic
 + Level 0.2 Poison Magic
 + Level 0.5 Invocations
 + Level 0.4 Evocations


You had one spell level left.
You didn't know any spells.
Your spell library was empty.

Dungeon Overview and Level Annotations

Branches:
Dungeon (1/15)

Altars:


Innate Abilities, Weirdness & Mutations

You have very sharp teeth.
Your uncanny sense of smell can sniff out nearby items.
Your experience applies equally to all skills.


Message History

You kill the endoplasm!
The bat barely misses you. You block the bat's attack.
The kobold throws a stone.
You block the stone.
You hit the bat.
The bat is moderately wounded.
The bat hits you but does no damage. x2
A goblin comes into view. It is wielding a +0 dagger.
You closely miss the kobold.
The goblin shouts!
The bat barely misses you. The kobold hits you but does no damage.
You are poisoned.
You closely miss the kobold.
You feel very sick. The bat hits you.
The kobold hits you with a +2 dagger of venom.
You are more poisoned.
The bat hits you but does no damage. You block the kobold's attack.
As you read the scroll labelled FUGARA ZAUGRUE, it crumbles to dust.
It is a scroll of identify.
You don't have any unidentified items.
You feel very sick. The kobold hits you but does no damage.
You are lethally poisoned!
* * * LOW HITPOINT WARNING * * *
You feel very sick. The bat hits you but does no damage.
Throw: 3 throwing nets
Press: ? - help, Q - select action, (/) - cycle Shift-Dir - straight line, f - kobold
Aim: a kobold, wielding a +2 dagger of venom, wearing a +0 ring mail and quivering stones (55% to hit)
You throw a throwing net.
The throwing net barely misses the kobold.
* * * LOW HITPOINT WARNING * * *
You feel very sick. The bat hits you but does no damage.
Throw: 2 throwing nets
Press: ? - help, Q - select action, (/) - cycle Shift-Dir - straight line, f/p - kobold
Aim: a kobold, wielding a +2 dagger of venom, wearing a +0 ring mail and quivering stones (55% to hit)
You throw a throwing net.
The throwing net closely misses the kobold.
You die...

###...# ... .....## #.#
.....# #.# .....## ###
#.# #..... ## ..##
#.#######.#..# ..#..
...###.#.......#.b#.....#
....##.#.......#@†......#
.................K.g.#...
.......#...........#.....
....#..######..#.........
....#....##........((#..#
....#..............#.# .#
......##..............# #
..#######..........#...
.....†.8#♣♣........##.


You could see a goblin, a bat and a kobold.

Vanquished Creatures
  A dart slug (D:1)
  2 ball pythons (D:1)
  A bat (D:1)
  An endoplasm (D:1)
  A goblin (D:1)
  A kobold (D:1)
  2 rats (D:1)
9 creatures vanquished.

Notes
Turn   | Place    | Note
-------+----------+-------------------------------------------
     0 | D:1      | NinjaNoafa the Gnoll Fighter began the quest for the Orb.
     0 | D:1      | Reached XP level 1. HP: 23/23 MP: 1/1
   119 | D:1      | Reached XP level 2. HP: 29/29 MP: 2/2
   148 | D:1      | Succumbed to a kobold's poison

Illustrated notes

Levels and vault maps discovered:
D:1:      sevenhm_arrival_forest_fort_small_3, layout_rooms,
          shapermc_ecumenical_altar_mp_highgroup, serial_shops, shop

Action                   || total
-------------------------++-------
Melee: Flail             ||    29
       Bite              ||     1
Throw: Throwing net      ||     2
  Use: Scroll            ||     1
Armor: Scale mail        ||    23
Dodge: Dodged            ||    16
Block: Buckler           ||    10

Table legend: (Time is in decaauts)
 A = Elapsed time spent in this place.
 B = Non-inter-level travel time spent in this place.
 C = Inter-level travel time spent in this place.
 D = Time resting spent in this place.
 E = Time spent auto-exploring this place.
 F = Levels seen in this place.
 G = Mean time per level.
                   A        B        C        D        E       F      G
               +--------+--------+--------+--------+--------+-----+--------+
         Total |    153 |    153 |      0 |      0 |     67 |   1 |  153.0 |
       Dungeon |    153 |    153 |      0 |      0 |     67 |   1 |  153.0 |
               +--------+--------+--------+--------+--------+-----+--------+

Top non-repeatable levels by time:
     D:1: 153 daAuts
